 Dungeon Crawl Stone Soup version 0.25.1-2-g60ff931df9 (webtiles) character file.

Game seed: 3467206800179364724

93212 DearestLeader the Earth Mage (level 16, -3/79 HPs)
             Began as a Gargoyle Earth Elementalist on Oct 25, 2020.
             Was the Champion of Vehumet.
             Slain by an ancient zyme (10 damage)
             ... on level 2 of the Abyss.
             The game lasted 01:31:50 (30919 turns).

DearestLeader the Earth Mage (GrEE)                Turns: 30919, Time: 01:31:50

Health: -3/79      AC: 26    Str: 16    XL:     16   Next: 8%
Magic:  19/25      EV: 13    Int: 23    God:    Vehumet [******]
Gold:   1076       SH:  4    Dex:  5    Spells: 8/39 levels left

rFire    + . .     SeeInvis +   R - staff of earth
rCold    + . .     Gourm    .   k - +0 buckler
rNeg     + + .     Faith    .   x - +2 robe {rC+}
rPois    ∞         Spirit   .   z - +1 helmet
rElec    +         Reflect  .   I - +1 cloak {rPois}
rCorr    .         Harm     .   t - +2 pair of gloves
MR       ++...                  e - +2 pair of boots {run}
Stlth    +.........             T - amulet of regeneration
HPRegen  0.63/turn              G - ring of Ymyr {rPois rF+ Str+2 Int+2 Dex-3}
MPRegen  0.19/turn              r - ring "Ysinlapp" {rElec rN+ MR+ SInv}

@: berserk cooldown, flying, very slightly contaminated, slowed, studying Ice
Magic, very slow
A: big wings, [clumsy 1], [low mp 2], negative energy resistance 1, electricity
resistance, unbreathing, petrification resistance, rot immunity, AC +12
a: Stop Flying, Renounce Religion


You were on level 2 of the Abyss.
You worshipped Vehumet.
Vehumet was exalted by your worship.
You were not hungry.

You visited 4 branches of the dungeon, and saw 22 of its levels.
You visited the Abyss 1 time.
You also visited: Sewer, Bailey and Ice Cave.

You collected 2402 gold pieces.
You spent 1326 gold pieces at shops.

Inventory:

Hand Weapons
 n - a +4 dagger of protection
 A - a +2 dagger of flaming
Missiles
 b - 418 stones (quivered)
Armour
 e - a +2 pair of boots of running (worn)
 k - a +0 buckler (worn)
 t - a +2 pair of gloves (worn)
 x - a +2 robe of cold resistance (worn)
 z - a +1 helmet (worn)
 I - a +1 cloak of poison resistance (worn)
Magical Staves
 R - an uncursed staff of earth (weapon)
Jewellery
 g - a +4 ring of evasion
 r - the ring "Ysinlapp" (right hand) {rElec rN+ MR+ SInv}
   (You bought it in a shop on level 11 of the Dungeon)

   [ring of see invisible]

   It insulates you from electricity.
   It protects you from negative energy.
   It affects your resistance to hostile enchantments.
   It lets you see invisible.
 w - an uncursed ring of resist corrosion
 B - an uncursed ring of protection from fire
 G - the ring of Ymyr (left hand) {rPois rF+ Str+2 Int+2 Dex-3}
   (You found it on level 6 of the Dungeon)

   [ring of protection from fire]

   It affects your strength (+2).
   It affects your intelligence (+2).
   It affects your dexterity (-3).
   It protects you from fire.
   It protects you from poison.
 J - the ring "Siawn" {Fire rElec SInv}
   (You found it on level 5 of the Lair of Beasts)

   [ring of fire]

   It enhances your fire magic.
   It protects you from fire.
   It makes you vulnerable to cold.
   It insulates you from electricity.
   It lets you see invisible.
 L - an uncursed ring of stealth
 T - an amulet of regeneration (around neck)
Wands
 a - a wand of acid (23)
 c - a wand of random effects (26)
 j - a wand of polymorph (9)
 l - a wand of flame (4)
 m - a wand of digging (24)
 u - a wand of iceblast (31)
 K - a wand of paralysis (12)
 M - a wand of enslavement (6)
Scrolls
 h - 6 scrolls of identify
 i - 2 scrolls of enchant weapon
 o - 2 scrolls of brand weapon
 v - a scroll of summoning
 y - a scroll of immolation
 D - 7 scrolls of remove curse
 F - a scroll of enchant armour
 N - 2 scrolls of fog
 O - 8 scrolls of amnesia
 Q - 2 scrolls of teleportation
 V - 2 scrolls of blinking
Potions
 f - 3 potions of haste
 p - 3 potions of might
 q - 4 potions of curing
 C - 2 potions of mutation
 E - 2 potions of berserk rage
 H - a potion of brilliance
 S - a potion of invisibility
Books
 s - a manual of Ice Magic
Comestibles
 d - 45 rations


   Skills:
 * Level 1.1 Fighting
 + Level 7.0 Dodging
 - Level 2.1 Stealth
 - Level 4.1 Shields
 + Level 12.0 Spellcasting
 + Level 14.0 Conjurations
 - Level 1.0 Transmutations
 - Level 12.0 Ice Magic
 * Level 18.8 Earth Magic


You had 8 spell levels left.
You knew the following spells:

 Your Spells              Type           Power        Failure   Level  Hunger
a - Sandblast             Erth           ######       0%          1    None
b - Passwall              Tmut/Erth      ######..     1%          2    None
c - Stone Arrow           Conj/Erth      ######       0%          3    None
d - Lee's Rapid Deconstr  Erth           ########..   1%          5    ####...
e - Petrify               Tmut/Erth      ######..     1%          4    None
f - Frozen Ramparts       Ice            ######       1%          3    None
g - Hailstorm             Conj/Ice       ######..     1%          4    None
h - Shatter               Erth           ########..   45%         9    #######

Your spell library contained the following spells:

 Spells                   Type           Power        Failure   Level  Hunger
 Orb of Destruction       Conj           ######....   3%          7    #######
 Foxfire                  Conj/Fire      ####         1%          1    None
 Conjure Flame            Conj/Fire      #####...     1%          3    None
 Static Discharge         Conj/Air       #####...     1%          3    None
 Sticky Flame             Conj/Fire      #####...     1%          4    None
 Fireball                 Conj/Fire      #####.....   1%          5    ####...
 Lightning Bolt           Conj/Air       #####.....   1%          5    ####...
 Ignite Poison            Fire/Tmut/Pois ###.....     3%          3    None
 Animate Skeleton         Necr           N/A          4%          1    None
 Pain                     Necr           ##..         4%          1    None
 Inner Flame              Hex/Fire       ##......     4%          3    None
 Starburst                Conj/Fire      #####.....   11%         6    #####..
 Vampiric Draining        Necr           ##........   14%         3    None
 Animate Dead             Necr           N/A          41%         4    None
 Agony                    Necr           ##......     77%         5    ####...
 Ring of Flames           Chrm/Fire      ##........   100%        7    #######
 Ignition                 Fire           ##........   100%        8    #######
 Tornado                  Air            ##........   100%        9    #######


Dungeon Overview and Level Annotations

Branches:
Dungeon (13/15)            Temple (1/1) D:6            Lair (6/6) D:9
  Swamp (0/4) Lair:3       Spider (0/4) Lair:2        Slime (0/5) Lair:5
    Orc (2/2) D:12            Elf (0/3) Orc:2         Sewer (visited)
 Bailey (visited)           IceCv (visited)
 Vaults: D:13-14

Altars:
Cheibriados
Dithmenos
Elyvilon
Fedhas
Gozag
Hepliaklqana
Makhleb
Nemelex Xobeh
Qazlal
Ru
Sif Muna
Vehumet
Wu Jian
Xom
Zin
The Shining One
Beogh

Shops:
D:6 *   D:11 =   Orc:1 ?   Orc:2 =(*[

Portals:
Trove: D:11 (give +2 gold dragon scales)


Innate Abilities, Weirdness & Mutations

You are resistant to torment.
Your stone body is resilient. (AC +12)
You are immune to poison.
Your large and strong wings let you fly indefinitely.
You resist negative energy. (rN+)
You are resistant to electric shocks. (rElec)
You can survive without breathing.
You are immune to petrification.
You are immune to rotting.
[You are clumsy. (Dex -2)]
[Your magical capacity is very low. (-20% MP)]


Message History

You are exhausted.
You feel yourself slow down.
A starcursed mass splits.
A chorus of shrieks assaults your mind.
* * * LOW HITPOINT WARNING * * *
A chorus of shrieks assaults your mind.
* * * LOW HITPOINT WARNING * * *
The ancient zyme hits you but does no damage. x2
A starcursed mass splits.
Found 38 gold pieces.
The apocalypse crab breathes chaos at you.
The blast of chaos engulfs the ancient zyme but does no damage.
The ancient zyme is engulfed in seething chaos.
The ancient zyme seems to grow stronger.
A starcursed mass splits.
The ancient zyme is engulfed in seething chaos.
A chorus of shrieks assaults your mind.
* * * LOW HITPOINT WARNING * * *
The apocalypse crab is engulfed in seething chaos.
The ancient zyme hits you!
You die...

. ..### ....#
.8.....# .....#
.......#####....#
.......=..##.XX.#
......8#..# ....#
........§X##....#
.......#§§§§#XX.#
.8...t.#.t§§....#
....## #§...x@..#
.....#..........#
. ..#......##.#.#
#....#......# .#
.# . .#..###.# ..
$# #.. #.# ... #
#. #. #..# #..


You could see 4 starcursed masses, a tentacled starspawn, an ancient zyme
(strong) and an apocalypse crab.

Vanquished Creatures
  A tentacled starspawn (Abyss:2)
  Gastronok (Lair:1)
  An orc warlord (Orc:2)
  Azrael (D:12)
  A jiangshi (Abyss:2)
  Josephine (Lair:5)
  7 hydras
  A rakshasa (Abyss:2)
  4 two-headed ogres
  A catoblepas (Lair:6)
  2 centaur warriors (D:13)
  An orc high priest (Orc:2)
  A deep troll shaman (Lair:6)
  11 death yaks
  A titan zombie (Abyss:2)
  Urug (Lair:1)
  2 sixfirhies (Abyss:2)
  Nergalle (Lair:1)
  5 skeletal warriors (D:8)
  Pikel (D:7)
  A lindwurm (Lair:4)
  A deep elf mage (D:12)
  4 orc knights
  5 orc sorcerers (Orc:2)
  4 oklob plants (Lair:5)
  A wolf spider (D:10)
  4 ugly things
  4 cyclopes
  10 elephants
  Maurice (Orc:1)
  3 ice statues (IceCv)
  6 black mambas
  A smoke demon (Abyss:2)
  Maggie (D:8)
  An orange demon (Abyss:2)
  9 spiny frogs
  A torpor snail (Lair:2)
  A gargoyle (D:13)
  A rime drake (shapeshifter) (D:13)
  3 rime drakes
  8 komodo dragons
  3 trolls
  An ancient zyme (Abyss:2)
  A polar bear (Lair:6)
  A jumping spider (Lair:2)
  A meliai (shapeshifter) (Abyss:2)
  A hornet (D:7)
  18 blink frogs
  11 hippogriffs
  6 dream sheep (Lair:6)
  A raiju (Abyss:2)
  Sigmund (D:4)
  A ynoxinul (Abyss:2)
  7 wyverns
  5 wraiths
  3 redbacks (Lair:2)
  43 yaks
  4 fire elementals (D:12)
  Grum (D:8)
  4 basilisks
  A neqoxec (Abyss:2)
  A chaos spawn (Abyss:2)
  A steam dragon (Lair:2)
  Menkaure (D:6)
  3 wargs
  Duvessa (D:5)
  A large abomination (Abyss:2)
  15 water moccasins
  9 porcupines
  3 hell hounds (D:12)
  24 orc warriors
  3 slaves (D:7)
  19 ice beasts
  2 phantoms
  5 sky beasts
  4 black bears
  49 wolves
  14 ogres
  17 centaurs
  11 crocodiles
  A big kobold (Sewer)
  8 bullfrogs
  3 small abominations (Abyss:2)
  Dowan (D:4)
  10 scorpions
  7 wights
  7 howler monkeys
  2 electric eels (D:9)
  5 crimson imps
  3 quasits
  10 hounds
  A bullfrog zombie (D:6)
  2 centaur zombies
  3 jellies
  14 orc priests
  4 bullfrog skeletons
  An iron imp (Abyss:2)
  23 orc wizards
  7 iguanas
  8 worker ants
  3 hound zombies
  Robin (D:4)
  A howler monkey zombie (D:5)
  2 worker ant zombies
  A howler monkey skeleton (D:4)
  10 gnolls
  14 adders
  2 river rats (D:3)
  A shadow imp (D:9)
  6 oozes
  5 worms
  4 dart slugs
  6 leopard geckos
  88 orcs
  9 ball pythons
  3 giant cockroaches
  21 goblins
  6 hobgoblins
  6 jackals
  12 kobolds
  A quokka (D:8)
  8 bats
  8 frilled lizards
  2 quokka zombies (D:5)
  9 rats
  A lurking horror (Abyss:2)
  A plant (Lair:5)
763 creatures vanquished.

Vanquished Creatures (others)
  7 fungi
  4 plants
11 creatures vanquished.

Grand Total: 774 creatures vanquished

Notes
Turn   | Place    | Note
-------+----------+-------------------------------------------
     0 | D:1      | DearestLeader the Gargoyle Earth Elementalist began the
                  | quest for the Orb.
     0 | D:1      | Reached XP level 1. HP: 10/10 MP: 3/3
   176 | D:1      | Reached skill level 4 in Earth Magic
   429 | D:1      | Reached XP level 2. HP: 11/15 MP: 1/5
   871 | D:1      | Reached XP level 3. HP: 18/19 MP: 6/6
   924 | D:1      | Reached skill level 5 in Earth Magic
  1145 | D:2      | Found a shadowy altar of Dithmenos.
  1569 | D:2      | Learned a level 2 spell: Passwall
  1573 | D:2      | Learned a level 3 spell: Stone Arrow
  1795 | D:2      | Reached XP level 4. HP: 23/24 MP: 7/7
  1911 | D:3      | Found a faded altar of an unknown god.
  2025 | D:3      | Reached skill level 1 in Conjurations
  2089 | D:3      | Reached skill level 6 in Earth Magic
  2100 | D:3      | Found a glowing drain.
  2113 | Sewer    | Entered a sewer
  2398 | Sewer    | Reached XP level 5. HP: 28/28 MP: 8/8
  2657 | Sewer    | Noticed a big kobold
  2676 | Sewer    | Killed a big kobold
  2824 | Sewer    | Reached XP level 6. HP: 32/32 MP: 9/9
  3615 | D:4      | Reached skill level 7 in Earth Magic
  3703 | D:4      | Reached XP level 7. HP: 36/36 MP: 11/11
  3741 | D:4      | Reached skill level 8 in Earth Magic
  4232 | D:4      | Noticed Robin
  4279 | D:4      | Killed Robin
  4548 | D:4      | Noticed Sigmund
  4555 | D:4      | Killed Sigmund
  4567 | D:4      | Learned a level 5 spell: Lee's Rapid Deconstruction
  4653 | D:4      | Reached skill level 9 in Earth Magic
  4784 | D:5      | Entered Level 5 of the Dungeon
  4841 | D:5      | Reached XP level 8. HP: 40/41 MP: 12/14
  5042 | D:5      | Noticed Dowan
  5042 | D:5      | Noticed Duvessa
  5081 | D:5      | Killed Duvessa
  5081 | D:5      | Reached skill level 10 in Earth Magic
  5101 | D:4      | Killed Dowan
  5629 | D:5      | Reached skill level 5 in Spellcasting
  5761 | D:5      | Found a white marble altar of Elyvilon.
  5767 | D:5      | Learned a level 4 spell: Petrify
  5779 | D:5      | Reached XP level 9. HP: 45/45 MP: 2/16
  5894 | D:5      | Reached skill level 5 in Conjurations
  6269 | D:6      | Found Hydazxum's Elemental Accessories.
  6293 | D:6      | Found a staircase to the Ecumenical Temple.
  6311 | Temple   | Entered the Ecumenical Temple
  6369 | Temple   | Became a worshipper of Vehumet
  6392 | D:6      | Reached skill level 11 in Earth Magic
  6659 | D:6      | Noticed Menkaure
  6661 | D:6      | Killed Menkaure
  6956 | D:6      | Reached skill level 12 in Earth Magic
  7065 | D:6      | Got a brightly glowing brass ring
  7067 | D:6      | Identified the ring of Ymyr {rPois rF+ Str+2 Int+2 Dex-3}
                  | (You found it on level 6 of the Dungeon)
  7555 | D:6      | Got a brightly glowing falchion
  7555 | D:6      | Identified the cursed +0 falchion of Overwhelming Force
                  | {vorpal, Dex+4} (You found it on level 6 of the Dungeon)
  8172 | D:7      | Found a flagged portal.
  8184 | Bailey   | Entered a bailey
  8316 | Bailey   | Reached * piety under Vehumet
  8316 | Bailey   | Offered knowledge of Freeze by Vehumet.
  8505 | Bailey   | Noticed an orc knight
  9039 | Bailey   | Killed an orc knight
  9039 | Bailey   | Reached skill level 13 in Earth Magic
  9039 | Bailey   | Reached XP level 10. HP: 49/50 MP: 1/19
  9525 | D:7      | Noticed Pikel
  9539 | D:7      | Killed Pikel
  9934 | D:8      | Noticed a two-headed ogre
 10173 | D:7      | Killed a two-headed ogre
 10173 | D:7      | Reached skill level 14 in Earth Magic
 10482 | D:8      | Noticed Maggie
 10485 | D:8      | Noticed Grum
 10492 | D:8      | Killed Grum
 10503 | D:8      | Killed Maggie
 10655 | D:8      | Noticed a two-headed ogre
 10655 | D:8      | Reached ** piety under Vehumet
 10655 | D:8      | Offered knowledge of Foxfire by Vehumet.
 10656 | D:8      | Reached skill level 15 in Earth Magic
 10685 | D:8      | Killed a two-headed ogre
 10685 | D:8      | Reached XP level 11. HP: 7/54 MP: 6/23
 11103 | D:8      | Reached skill level 1 in Transmutations
 11226 | D:8      | Found a burning altar of Makhleb.
 11226 | D:8      | Found a hazy altar of Hepliaklqana.
 11409 | D:8      | Noticed a skeletal warrior
 11934 | D:9      | Found a staircase to the Lair.
 13107 | Lair:1   | Entered Level 1 of the Lair of Beasts
 13182 | Lair:1   | Noticed an eight-headed hydra
 13188 | Lair:1   | Killed an eight-headed hydra
 13453 | Lair:1   | Offered knowledge of Frozen Ramparts by Vehumet.
 13471 | Lair:1   | Learned a level 3 spell: Frozen Ramparts
 13615 | Lair:1   | Noticed Urug
 13630 | Lair:1   | Killed Urug
 13630 | Lair:1   | Reached skill level 1 in Ice Magic
 13630 | Lair:1   | Reached skill level 16 in Earth Magic
 13818 | Lair:1   | Reached XP level 12. HP: 51/59 MP: 12/25
 13820 | Lair:1   | Reached *** piety under Vehumet
 14079 | Lair:1   | Noticed Gastronok
 14093 | Lair:1   | Killed Gastronok
 14256 | Lair:1   | Noticed Nergalle
 14267 | Lair:1   | Killed Nergalle
 15032 | Lair:2   | Reached skill level 1 in Shields
 15584 | Lair:2   | Offered knowledge of Hailstorm by Vehumet.
 15626 | Lair:2   | Reached skill level 5 in Ice Magic
 16634 | Lair:2   | Found a hole to the Spider Nest.
 16693 | Lair:2   | Reached skill level 10 in Conjurations
 16699 | Lair:2   | Learned a level 4 spell: Hailstorm
 16952 | Lair:3   | Reached XP level 13. HP: 63/63 MP: 15/26
 16953 | Lair:3   | Reached **** piety under Vehumet
 17273 | Lair:3   | Offered knowledge of Irradiate by Vehumet.
 17684 | Lair:3   | Found a staircase to the Swamp.
 18581 | Lair:4   | Reached skill level 10 in Spellcasting
 19469 | Lair:5   | Reached ***** piety under Vehumet
 19549 | Lair:5   | Found a frozen archway.
 19557 | Lair:5   | Offered knowledge of Iskenderun's Mystic Blast by Vehumet.
 19564 | IceCv    | Entered an ice cave
 20165 | IceCv    | Reached skill level 17 in Earth Magic
 20520 | Lair:5   | Gained mutation: Your large and strong wings let you fly
                  | indefinitely. [Gargoyle growth]
 20520 | Lair:5   | Reached XP level 14. HP: 49/68 MP: 4/28
 20681 | Lair:5   | You fall into a shaft and drop 1 floor!
 20681 | Lair:6   | Entered Level 6 of the Lair of Beasts
 20742 | Lair:6   | HP: 3/68 [elephant (11)]
 20937 | Lair:5   | Found a staircase to the Slime Pits.
 21072 | Lair:5   | Reached skill level 5 in Dodging
 21193 | Lair:5   | Noticed Josephine
 21272 | Lair:5   | Killed Josephine
 21989 | Lair:5   | Reached skill level 10 in Ice Magic
 21995 | Lair:5   | Got a scintillating wooden ring
 22000 | Lair:5   | Identified the ring "Siawn" {Fire rElec SInv} (You found it
                  | on level 5 of the Lair of Beasts)
 23632 | Lair:6   | Identified a +1 pair of boots of running (You found it on
                  | level 6 of the Lair of Beasts)
 23876 | D:10     | Entered Level 10 of the Dungeon
 23900 | D:10     | Reached XP level 15. HP: 66/72 MP: 22/29
 23926 | D:10     | Learned a level 9 spell: Shatter
 25582 | D:11     | Found a portal to a secret trove of treasure.
 25744 | D:11     | Offered knowledge of Iron Shot by Vehumet.
 26114 | D:11     | Found Jilonwes's Jewellery Boutique.
 26127 | D:11     | Bought the ring "Ysinlapp" {rElec rN+ MR+ SInv} for 388
                  | gold pieces
 26892 | D:12     | Found a staircase to the Orcish Mines.
 26893 | D:12     | Noticed Azrael
 26914 | D:12     | Reached skill level 18 in Earth Magic
 26917 | D:12     | Killed Azrael
 28048 | Orc:1    | Entered Level 1 of the Orcish Mines
 28139 | Orc:1    | Noticed Maurice
 28141 | Orc:1    | Found Zism's Magic Scroll Boutique.
 28152 | Orc:1    | Killed Maurice
 28360 | Orc:1    | Offered knowledge of Yara's Violent Unravelling by Vehumet.
 28480 | Orc:1    | Found a roughly hewn altar of Beogh.
 28507 | Orc:1    | Bought a scroll of acquirement for 728 gold pieces
 28507 | Orc:1    | Bought a scroll of blinking for 105 gold pieces
 28507 | Orc:1    | Bought a scroll of blinking for 105 gold pieces
 28507 | Orc:1    | Acquired an uncursed staff of earth
 28903 | Orc:2    | Entered Level 2 of the Orcish Mines
 29106 | Orc:2    | Noticed an orc warlord
 29139 | Orc:2    | Killed an orc warlord
 29270 | Orc:2    | Found a roughly hewn altar of Beogh.
 29574 | Orc:2    | Found Igofawe's General Store.
 29581 | Orc:2    | Found Nefaruru's Antique Armour Boutique.
 29625 | Orc:2    | Found Ruext's Jewellery Boutique.
 29641 | Orc:2    | Found Alus's Antique Weapon Boutique.
 30084 | Orc:2    | Found a staircase to the Elven Halls.
 30329 | D:13     | Reached ****** piety under Vehumet
 30329 | D:13     | Offered knowledge of Orb of Destruction by Vehumet.
 30407 | D:13     | Cast into level 2 of the Abyss (orc warrior)
 30407 | Abyss:2  | Found a corrupted altar of Lugonu.
 30509 | Abyss:2  | Found a corrupted altar of Lugonu.
 30580 | Abyss:2  | Noticed a shadow dragon
 30786 | Abyss:2  | Noticed a tentacled starspawn
 30789 | Abyss:2  | Killed a tentacled starspawn
 30789 | Abyss:2  | Reached XP level 16. HP: 74/76 MP: 8/25
 30874 | Abyss:2  | Reached skill level 1 in Fighting
 30884 | Abyss:2  | Noticed a lich
 30891 | Abyss:2  | Paralysed by a great orb of eyes for 6 turns
 30916 | Abyss:2  | Noticed a tentacled starspawn
 30919 | Abyss:2  | Slain by an ancient zyme

Illustrated notes

Levels and vault maps discovered:
D:1:      minmay_arrival_four_loops, layout_basic
D:2:      layout_basic, nicolae_dithmenos_shadow_blocks,
          kennysheep_generic_room_13
D:3:      layout_loops_corners, chequers_ecumenical_altar_simple,
          portal_sewer_entry_e
D:4:      layout_loops_cross, first_ration, uniq_robin, uniq_sigmund
D:5:      layout_loops_ring, nicolae_overflow_crystal_walls, uniq_duvessa
D:6:      cheibrodos_barr_body, layout_basic, minmay_temple_entry_butterflies,
          nicolae_elemental_shop, lemuel_another_geyser, uniq_menkaure
D:7:      layout_rooms, lightli_bailey_entry_fortress, uniq_pikel
D:8:      layout_rooms, gammafunk_temple_overflow_wave, uniq_maggie, uniq_grum
D:9:      layout_irregular_city, erik_lair_island
D:10:     layout_basic
D:11:     layout_loops_cross, nicolae_trove_entry_free_sample, serial_shops,
          shop
D:12:     layout_stronghold, david_orc_2, gauntlet_entry_generic, uniq_azrael
D:13:     layout_long_grid, serial_shops, kennysheep_mini_moat, hangedman_ranch
          [blue_anna_fruit_fields]
Temple:   hc_temple_tempest_star
Lair:1:   layout_small_grid, lemuel_fruit_tree, uniq_urug, uniq_gastronok,
          uniq_nergalle
Lair:2:   beast_lair_carwin_large_4, layout_chaotic_city,
          spider_nest_entry_funnel_web, grunt_megastairs_1
Lair:3:   layout_chaotic_city, swamp_mist, nicolae_lair_grove_arrangements,
          grunt_megastairs_2
Lair:4:   layout_roguey
Lair:5:   beast_lair_carwin_large_2, layout_hall_layers,
          dpeg_slime_entry_corner, portal_ice_cave_entry_ice_beasts,
          guppyfry_lair_drakes, minmay_lair_oklob_chamber, uniq_josephine
Lair:6:   grunt_lair_end_beastmaster, layout_gridlike
Orc:1:    layout_caves, serial_shops, shop_scrolls, basic_altar, uniq_maurice
Orc:2:    grunt_orc_cross, layout_diamond_mine
Abyss:2:  base: D:12, minivault_11, hangedman_abyss_town

Skill      XL: |  1  2  3  4  5  6  7  8  9 10 11 12 13 14 15 16 |
---------------+-------------------------------------------------+-----
Earth Magic    | 4 5 6 7 9 10 13 15 16 17 18 | 18.8
Conjurations   | 2 3 4 5 8 10 11 13 14 | 14.0
Spellcasting   | 3 4 5 6 8 9 10 12 | 12.0
Dodging        | 2 3 4 5 7 |  7.0
Transmutations | 1 |  1.0
Ice Magic      | 2 5 8 11 12 | 12.0
Shields        | 3 4 |  4.1
Fighting       | 1 |  1.1
Stealth        | |  2.1

Action                   |  1- 3 |  4- 6 |  7- 9 | 10-12 | 13-15 | 16-18 || total
-------------------------+-------+-------+-------+-------+-------+-------++-------
Melee: Unarmed           |    22 |       |       |       |       |       ||    22
       Dagger            |    98 |   233 |   374 |   302 |   492 |       ||  1499
       Falchion          |       |       |     1 |       |       |       ||     1
       Staff             |       |       |       |       |    68 |    17 ||    85
Throw: Stone             |       |       |       |       |     1 |       ||     1
 Cast: Sandblast         |    16 |     8 |    85 |    32 |    43 |       ||   184
       Passwall          |       |       |     1 |       |       |       ||     1
       Stone Arrow       |       |       |    41 |   112 |   179 |     1 ||   333
       Lee's Rapid Decon |       |       |     7 |    35 |   105 |     5 ||   152
       Petrify           |       |       |     2 |    19 |    34 |       ||    55
       Frozen Ramparts   |       |       |       |    27 |   143 |     3 ||   173
       Hailstorm         |       |       |       |       |     8 |       ||     8
 Abil: Fly               |       |       |       |       |     1 |       ||     1
  Use: Scroll            |       |     4 |     7 |     7 |    17 |     1 ||    36
       Potion            |       |       |       |       |     7 |     1 ||     8
 Stab: Sleeping          |     4 |     3 |     8 |       |       |       ||    15
       Distracted        |     1 |     1 |       |       |       |       ||     2
       Petrified         |       |       |       |     6 |       |       ||     6
  Eat: Chunk             |     3 |     7 |    14 |    30 |    48 |       ||   102
       Ration            |       |       |     2 |     1 |     4 |       ||     7
Armor: Robe              |    45 |    75 |    27 |       |    57 |    25 ||   229
       Animal skin       |       |       |   161 |   265 |       |       ||   426
       Steam dragon scal |       |       |       |    22 |   467 |       ||   489
Dodge: Dodged            |    84 |   209 |   415 |   298 |   565 |    14 ||  1585
Block: Buckler           |       |       |       |       |   156 |     4 ||   160
